Norda, lawful female human Valkyrie |T| |@| --- Norda the Woman-at-arms Experience level: 11 Strength: 18/08 Dexterity: 10 Constitution: 18 Intelligence: 8 Wisdom: 7 Charisma: 9 Health: 0(78) Energy: 24(24) Def: 16 Gold: 10101 Moves: 19650 Dungeon seed: h1a7kZHuKRtLQyLp Game ID: Norda_1523676839 Your Inventory: Coins $ - 10101 gold pieces Weapons a - the blessed rustproof +1 Excalibur (weapon in hand) k - a +0 orcish dagger B - 5 +0 daggers (in quiver) Armor e - a blessed greased +0 gray dragon scale mail (being worn) n - a blessed +1 pair of elven boots (being worn) q - an uncursed burnt +3 small shield (being worn) z - an uncursed thoroughly rusty +0 orcish helm (being worn) N - an uncursed +2 dwarvish cloak (being worn) Comestibles g - 5 uncursed tripe rations i - an uncursed food ration A - a blessed tin of chickatrice meat Scrolls C - 2 uncursed scrolls of enchant weapon F - an uncursed scroll of stinking cloud Q - an uncursed scroll of scare monster Potions d - an uncursed potion of restore ability h - 4 potions of holy water Rings c - a blessed +6 ring of increase damage f - an uncursed ring of levitation r - an uncursed ring of warning J - an uncursed +3 ring of adornment W - an uncursed ring of free action (on left hand) Wands b - a wand of slow monster (0:7) m - a wand of digging (0:4) L - a rusty wand of cancellation (0:0) Tools t - an uncursed blindfold u - an uncursed bag of holding y - an uncursed bag of holding H - an uncursed skeleton key K - a blessed bag of holding M - an uncursed sack Y - an uncursed leash Contents of the bag of holding: a wand of light (0:15) Contents of the bag of holding: a +0 elven dagger 2 +0 orcish daggers a +0 sling an uncursed +2 chain mail a blessed +1 mummy wrapping an uncursed candy bar an uncursed clove of garlic 3 uncursed cream pies 2 uncursed eggs 6 uncursed food rations 2 uncursed lembas wafers an uncursed slime mold an uncursed tin of green mold an uncursed scroll of amnesia an uncursed scroll of blank paper 2 uncursed scrolls of create monster 2 uncursed scrolls of earth 2 uncursed scrolls of gold detection a cursed scroll of identify a blessed scroll of light 2 uncursed scrolls of light an uncursed scroll of magic mapping 4 uncursed scrolls of teleportation an uncursed potion of confusion a blessed potion of fruit juice a cursed potion of fruit juice 2 uncursed potions of healing a blessed potion of invisibility an uncursed potion of levitation an uncursed potion of restore ability an uncursed potion of water an uncursed +1 ring of adornment an uncursed ring of protection from shape changers an uncursed ring of protection from shape changers an uncursed ring of shock resistance an uncursed ring of warning a cursed wand of cold (0:6) a wand of create monster (0:13) a wand of create monster (0:12) a cursed wand of digging (0:8) a wand of digging (0:6) a wand of enlightenment (0:10) a wand of lightning (0:6) a wand of make invisible (0:6) a wand of make invisible (0:4) a wand of polymorph (0:4) a wand of probing (0:6) a wand of slow monster (0:6) a wand of slow monster (0:3) a wand of undead turning (0:4) an uncursed figurine of an ice vortex an uncursed lock pick a magic marker (0:31) an uncursed mirror a +0 pick-axe an uncursed skeleton key an uncursed stethoscope 17 uncursed tallow candles (0:200) an uncursed tin whistle an uncursed tin whistle an uncursed towel an uncursed wooden harp 3 uncursed citrine stones an uncursed garnet stone 4 uncursed jet stones 2 uncursed obsidian stones an uncursed worthless piece of green glass 5 uncursed worthless pieces of orange glass an uncursed worthless piece of white glass 4 uncursed worthless pieces of yellow glass Spells and supernatural/magical abilities: Name Level Category Fail Memory W - pray for help -- divine ? -- Your skills at the end: Fighting Skills Weapon Skills dagger [Basic] long sword [Expert] Spellcasting Skills Final Attributes: You were piously aligned. You were cold resistant. You were level-drain resistant. You were magic-protected. You were telepathic. You had automatic searching. You were stealthy. You were fast. You had free action. You are dead. Vanquished creatures: a lich 2 frost giants 2 ghosts a mind flayer 3 giant mimics 2 fire giants an umber hulk a doppelganger 2 large mimics an air elemental 5 hill giants a giant mummy a warg a winter wolf 4 small mimics an ettin mummy 2 ogre lords 2 trolls a wood golem a pyrolisk a large dog 3 freezing spheres a large cat 2 tigers an ochre jelly 2 stone giants 2 elf mummies a human mummy a pit viper 4 pythons 2 wraiths an ettin zombie 2 chameleons 2 crocodiles 3 giant beetles a quivering blob 4 wolves 4 winter wolf cubs a panther 2 mumakil 4 giant spiders 3 black lights 3 vampire bats a forest centaur 4 gnome kings 2 orc mummies 2 ogres a rust monster 4 owlbears a yeti 2 Green-elves 4 lizards a warrior a chickatrice a dingo 3 jaguars a dwarf lord 2 dust vortices 2 ravens 2 plains centaurs 2 gnome mummies 2 snakes 2 apes a human zombie 18 fire ants 10 bugbears 2 imps a wood nymph a water nymph 4 mountain nymphs an orc shaman 2 rock piercers 2 rock moles 3 ponies 3 fog clouds 3 yellow lights 2 shriekers 2 violet fungi 18 gnome lords 11 gnomish wizards 2 kobold mummies 2 black naga hatchlings 2 gray oozes a jellyfish 9 giant ants a little dog 5 floating eyes 2 kittens 4 dwarves 3 homunculi 3 kobold lords 2 kobold shamans 17 hill orcs 9 rothes 2 rabid rats a centipede 4 orc zombies a dwarf zombie 2 werejackals 5 iguanas 16 killer bees 5 acid blobs 6 coyotes 2 gas spores a hobbit 5 manes 2 large kobolds 18 hobgoblins 8 giant rats 5 cave spiders 3 brown molds 2 green molds 5 red molds 58 gnomes 11 garter snakes 5 geckos 12 jackals 5 foxes a kobold 4 goblins 7 sewer rats 11 grid bugs 3 bats 6 lichens 2 kobold zombies 7 newts 496 creatures vanquished. Genocided species: fire giants 1 species genocided. Voluntary challenges: You had been an atheist until turn 5962. You used a wielded weapon 695 times, starting on turn 3. You read items or engraved 475 times, starting on turn 2394. You genocided 1 type of monster, starting on turn 16094. You never polymorphed an object. You never changed form. You used 1 wish, starting on turn 15482. You did not wish for any artifacts. You never split a pudding. You wrote Elbereth's name 403 times, starting on turn 2394. You violated your moral code, losing 16 points of alignment, starting on turn 8084. Dungeon overview: The Dungeons of Doom: levels 1 to 26 Level 1 a long staircase Level 2 a scroll shop, a fountain Level 3 Level 4 stairs to The Gnomish Mines Level 5 Level 6 a sink Level 7 Level 8 a fountain Level 9 a fountain, a sink stairs to Sokoban Level 10 Level 11 a fountain Level 12 a fountain Level 13 some altars to Tyr and Odin Level 14 portal to The Quest Level 15 some fountains Level 16 a fountain Level 17 a general store, a fountain Level 18 Level 19 a temple to Tyr Level 20 Level 21 a fountain Level 22 Level 23 Level 24 Level 25 Level 26 <- You were here The Gnomish Mines: levels 5 to 12 Level 5 stairs to The Dungeons of Doom Level 6 Level 7 Level 8 many shops, a temple to Odin, some fountains Level 9 Level 10 Level 11 Level 12 The Quest: Level 1 a fountain portal to The Dungeons of Doom Sokoban: levels 5 to 8 Level 5 Level 6 Level 7 Level 8 stairs to The Dungeons of Doom History has recorded: On T:1 you entered the Dungeons of Doom to retrieve the Amulet of Yendor! On T:434 you reached level 2 of The Dungeons of Doom. On T:584 you advanced to experience level 2. On T:850 you reached level 3 of The Dungeons of Doom. On T:1783 you advanced to experience level 3. On T:2223 you reached level 4 of The Dungeons of Doom. On T:2649 you advanced to experience level 4. On T:2722 you reached level 5 of The Dungeons of Doom. On T:3046 you reached level 6 of The Dungeons of Doom. On T:3161 you advanced to experience level 5. On T:3493 you reached level 7 of The Dungeons of Doom. On T:3941 you reached level 8 of The Dungeons of Doom. On T:3986 you advanced to experience level 6. On T:4407 you advanced to experience level 9. On T:4639 you reached level 1 of The Gnomish Mines. On T:4983 you reached level 2 of The Gnomish Mines. On T:5409 you reached level 3 of The Gnomish Mines. On T:5824 you reached level 4 of The Gnomish Mines. On T:6355 you reached level 5 of The Gnomish Mines. On T:6368 you advanced to experience level 8. On T:6783 you reached level 6 of The Gnomish Mines. On T:7216 you reached level 7 of The Gnomish Mines. On T:7523 you reached level 8 of The Gnomish Mines. On T:7820 you advanced to experience level 9. On T:9177 you reached level 9 of The Dungeons of Doom. On T:9402 you reached level 4 of Sokoban. On T:9849 you reached level 3 of Sokoban. On T:10560 you reached level 2 of Sokoban. On T:11061 you reached level 1 of Sokoban. On T:13170 you reached level 10 of The Dungeons of Doom. On T:13452 you reached level 11 of The Dungeons of Doom. On T:13917 you reached level 12 of The Dungeons of Doom. On T:14067 you advanced to experience level 10. On T:14176 you reached level 13 of The Dungeons of Doom. On T:15010 you reached level 14 of The Dungeons of Doom. On T:15249 you reached level 1 of The Quest. On T:15313 you advanced to experience level 10. On T:15482 you wished for "blessed greased +2 gray dragon scale mail". On T:15657 you reached level 15 of The Dungeons of Doom. On T:16001 you reached level 16 of The Dungeons of Doom. On T:16523 you reached level 17 of The Dungeons of Doom. On T:16960 you reached level 18 of The Dungeons of Doom. On T:17331 you reached level 19 of The Dungeons of Doom. On T:17635 you reached level 20 of The Dungeons of Doom. On T:17849 you reached level 21 of The Dungeons of Doom. On T:18825 you advanced to experience level 11. On T:19066 you reached level 22 of The Dungeons of Doom. On T:19513 you reached level 23 of The Dungeons of Doom. On T:19639 you reached level 24 of The Dungeons of Doom. On T:19640 you reached level 25 of The Dungeons of Doom. On T:19644 you reached The Castle. Score breakdown: Gold: 10101 (13621 points) Experience: 11 levels (17616 points) Exploration: 26 levels ( 54.17%) (21879 points) Discoveries: 23 items ( 9.35%) ( 9173 points) Valuables value: (no points given unless you survive) Artifact value: 4000 (12253 points) Variety of kills: 126 monsters ( 33.07%) (17252 points) Turncount: 19650 turns (-3376 points) Survival: died (score multiplied by 80%) Total score: 70734 Latest messages: The Olog-hai seems to be moving slower. The Olog-hai hits! (2x) The Olog-hai bites! You hear a door open. (4x) You hit the Olog-hai! The Olog-hai hits! (2x) The Olog-hai bites! You hear a door open. You miss the Olog-hai. You hit the Olog-hai! You hear a door open. You hit the Olog-hai! The Olog-hai hits! (2x) The Olog-hai just misses! You miss the Olog-hai. The Olog-hai hits! (2x) You die... The bag of holding is empty. The sack is empty. The bag of holding is empty. The sack is empty. Final status: Farvel Norda the Valkyrie, killed by an Olog-hai... You died in The Dungeons of Doom on dungeon level 26 with 70734 points, and 10101 pieces of gold, after 19650 moves. You were level 11 with a maximum of 78 hit points when you died.